 Dungeon Crawl Stone Soup version 0.25-a0-766-g0ecfff5982 (webtiles) character file.

Game seed: 11123374970339485949, levelgen mode: classic

15 Amnesiac the Digger (level 2, 0/24 HPs)
             Began as a Troll Earth Elementalist on Apr 13, 2020.
             Slain by a hobgoblin
             ... wielding a +0 club
              (3 damage)
             ... on level 4 of the Dungeon.
             The game lasted 00:00:47 (207 turns).

Amnesiac the Digger (Troll Earth Elementalist)       Turns: 207, Time: 00:00:47

Health: 0/24       AC:  6    Str: 15    XL:     2   Next: 34%
Magic:  3/3        EV: 10    Int: 11    God:
Gold:   24         SH:  0    Dex: 10    Spells: 2/3 levels left

rFire    + . .     SeeInvis .   (no weapon)
rCold    . . .     Gourm    +   (no shield)
rNeg     . . .     Faith    .   c - +0 robe
rPois    .         Spirit   .   (helmet restricted)
rElec    .         Reflect  .   (no cloak)
rCorr    +         Harm     .   (gloves unavailable)
MR       .....                  (boots unavailable)
Stlth    +.........             (no amulet)
HPRegen  0.48/turn              g - ring of protection from fire
MPRegen  0.08/turn              h - ring of resist corrosion

@: no status effects
A: large, unfitting armour, claws 3, fast metabolism 3, gourmand, regeneration
1, shaggy fur 1, tough skin 3
a: no special abilities


You were on level 4 of the Dungeon.
You were not hungry.

You visited 1 branch of the dungeon, and saw 4 of its levels.

You collected 24 gold pieces.

Inventory:

Hand Weapons
 e - a cursed -2 flail
Missiles
 b - 56 stones (quivered)
Armour
 c - a +0 robe (worn)
Jewellery
 g - a ring of protection from fire (left claw)
 h - a ring of resist corrosion (right claw)
Scrolls
 a - a scroll of fear {!r, unknown}
Potions
 f - a potion of mutation {!q, unknown}
Comestibles
 d - 2 rations


   Skills:
 + Level 1.8 Dodging
 + Level 1.2 Stealth
 + Level 1.4 Spellcasting
   Level 0.6 Transmutations
 + Level 2.9 Earth Magic


You had 2 spell levels left.
You knew the following spells:

 Your Spells              Type           Power        Failure   Level  Hunger
a - Sandblast             Erth           #.....       10%         1    ##.....

Your spell library contained the following spells:

 Spells                   Type           Power        Failure   Level  Hunger
 Passwall                 Tmut/Erth      #.......     22%         2    ###....
 Stone Arrow              Conj/Erth      #.....       45%         3    ####...
 Petrify                  Tmut/Erth      #.......     83%         4    #####..
 Lee's Rapid Deconstruct  Erth           #.........   95%         5    ######.


Dungeon Overview and Level Annotations

Branches:
Dungeon (4/15)
 Temple: D:4-7

Altars:


Innate Abilities, Weirdness & Mutations

You are too large for most types of armour.
You have claws for hands.
Your metabolism is lightning-fast.
You like to eat raw meat.
Your natural rate of healing is unusually fast.
You are covered in fur. (AC +1)
You have extremely tough skin. (AC +3)


Message History

Unknown command.
Unknown command.
Unknown command.
Unknown command.
h - a ring of resist corrosion (right claw) Really attack unarmed? [Y]es or [N]o only, please.
Really attack unarmed? [Y]es or [N]o only, please.
Really attack unarmed? [Y]es or [N]o only, please.
Really attack unarmed?
Okay, then.
Really attack unarmed? [Y]es or [N]o only, please.
Really attack unarmed?
You scratch the rat.
You kill the rat!
Found 6 gold pieces.
An adder, a jackal and an orc come into view.
The orc shouts!
Found a ring mail and a short sword.
A hobgoblin comes into view. It is wielding a +0 club.
Found a spear.
Found a stone staircase leading up.
You see here 6 gold pieces.
You now have 24 gold pieces (gained 6).
The jackal barks!
The adder hisses angrily.
An orc comes into view. It is wielding a +0 hand axe.
The orc barely misses you.
A jackal comes into view.
A jackal comes into view.
The jackal moves out of view.
There is a stone staircase leading down here.
The jackal barely misses you. The hobgoblin hits you with a +0 club.
The orc hits you with a +0 club.
You climb downwards.
There is a stone staircase leading up here.
You barely miss the jackal. The jackal bites you.
The hobgoblin closely misses you. The jackal closely misses you.
The orc misses you.
You scratch the jackal.
The jackal is almost dead.
The jackal bites you.
* * * LOW HITPOINT WARNING * * *
The hobgoblin hits you with a +0 club.
* * * LOW HITPOINT WARNING * * *
You closely miss the jackal.
The jackal is almost dead.
The jackal barely misses you. The orc hits you but does no damage.
The hobgoblin hits you with a +0 club.
* * * LOW HITPOINT WARNING * * *
The jackal closely misses you.
You closely miss the jackal.
The jackal is almost dead.
The orc hits you but does no damage. The jackal bites you.
* * * LOW HITPOINT WARNING * * *
The hobgoblin barely misses you.
You closely miss the jackal.
The jackal is almost dead.
The jackal bites you but does no damage.
The orc hits you with a +0 club.
* * * LOW HITPOINT WARNING * * *
The hobgoblin hits you with a +0 club.
You die...

#.#######
#.....h@#
#######go......
#########


You could see an orc, a jackal and a hobgoblin.

Vanquished Creatures
  An adder (D:2)
  A dart slug (D:1)
  A bat (D:2)
  A hobgoblin (D:1)
  A rat (D:3)
5 creatures vanquished.

Notes
Turn   | Place    | Note
-------+----------+-------------------------------------------
     0 | D:1      | Amnesiac the Troll Earth Elementalist began the quest for
                  | the Orb.
     0 | D:1      | Reached XP level 1. HP: 16/16 MP: 1/1
   138 | D:2      | Reached XP level 2. HP: 23/24 MP: 3/3
   207 | D:4      | Slain by a hobgoblin

Levels and vault maps discovered:
D:1:      evilmike_arrival_rings, layout_basic
D:2:      layout_loops_ring, elyvilon_altar_1, chequers_ecumenical_altar_island,
          first_ration
D:3:      layout_rooms, serial_bayou_pond_d, minmay_bisected, uniq_natasha
D:4:      layout_loops_cross, temple_hall, gammafunk_ghost_smash, serial_shops,
          nicolae_shop_overgrown_old_shop, shop, uniq_grinder

Action                   || total
-------------------------++-------
Melee: Unarmed           ||    21
  Eat: Chunk             ||     2
Armor: Robe              ||     9
Dodge: Dodged            ||    17

Table legend:
 A = Non-vault XP
 B = Vault XP
 C = Vault XP percentage of total XP
 D = Non-vault monster count
 E = Vault monster count
 F = Vault count percentage of total count
                 A         B        C        D         E       F
            +---------+---------+-------+---------+---------+-------
      Total |      22 |       0 |   0.0 |       5 |       0 |   0.0
            +---------+---------+-------+---------+---------+-------
        D:1 |       6 |       0 |   0.0 |       2 |       0 |   0.0
        D:2 |      15 |       0 |   0.0 |       2 |       0 |   0.0
        D:3 |       1 |       0 |   0.0 |       1 |       0 |   0.0
            +---------+---------+-------+---------+---------+-------
